 Dungeon Crawl Stone Soup version 0.30.0-29-ga12c61a403 (webtiles) character file.

Game seed: 4315862275978066246

13071 Fodor the Slicer (level 11, -21/97 HPs)
             Began as a Minotaur Fighter on June 11, 2023.
             Was an Initiate of Gozag.
             Frozen to death by 0gre's ghost (29 damage)
             ... on level 2 of the Lair of Beasts.
             The game lasted 01:04:26 (11009 turns).

Fodor the Slicer (Minotaur Fighter)                Turns: 11009, Time: 01:04:30

Health: -21/97     AC: 24    Str: 22 (23) XL:     11   Next: 70%
Magic:  10/10      EV: 13    Int:  7 (8)  God:    Gozag
Gold:   1403       SH:  6    Dex: 10      Spells: 10/10 levels left

rFire   + . .        N - +7 war axe (vamp)
rCold   . . .        c - +0 buckler
rNeg    . . .        D - +5 ring mail {rF+}
rPois   .            L - +1 hat
rElec   .            t - +2 cloak
rCorr   .            M - +0 pair of gloves
SInv    +            n - +5 pair of boots "Oliustre" {Int+3 SInv}
Will    +....        b - amulet of regeneration
Stlth   +            y - ring of see invisible
HPRegen 1.16/turn    O - ring of willpower
MPRegen 0.12/turn

%: no passive effects
@: no status effects
A: horns 2, retaliatory headbutt, clumsy 1, deterioration 1
a: Renounce Religion, Potion Petition, Call Merchant, Bribe Branch


You were on level 2 of the Lair of Beasts.
You worshipped Gozag.
Gozag was most pleased with you.
You visited 3 branches of the dungeon, and saw 13 of its levels.
You also visited: Ossuary.

You collected 1728 gold pieces.
You spent 169 gold pieces at shops.
You paid 156 gold pieces to Gozag.

Inventory:

Hand Weapons
 e - a +3 long sword of distortion
 w - the +6 short sword "Kurr" {pain, rPois Dex+5}
   (You found it on level 5 of the Dungeon)

   Dex:       It affects your dexterity (+5).
   rPois:     It protects you from poison.
 I - a +5 mace
 N - a +7 vampiric war axe (weapon)
Missiles
 k - 95 stones
 v - 6 boomerangs
 x - 16 curare-tipped darts (quivered)
 J - 18 poisoned darts
Armour
 c - a +0 buckler (worn)
 n - the +5 pair of boots "Oliustre" (worn) {Int+3 SInv}
   (You found it on level 2 of the Dungeon)

   Int:       It affects your intelligence (+3).
   SInv:      It lets you see invisible.
 t - a +2 cloak (worn)
 D - a +5 ring mail of fire resistance (worn)
 L - a +1 hat (worn)
 M - a +0 pair of gloves (worn)
Magical Staves
 l - a staff of earth
Jewellery
 b - an amulet of regeneration (around neck)
 y - a ring of see invisible (left hand)
 O - a ring of willpower (right hand)
 R - a ring of ice
Wands
 a - a wand of digging (6)
 d - a wand of polymorph (5)
 g - a wand of flame (9)
 u - a wand of charming (10)
Scrolls
 f - a scroll of blinking
 j - a scroll of immolation
 m - 3 scrolls of vulnerability
 q - 4 scrolls of fear
 r - 4 scrolls of teleportation
 A - a scroll of magic mapping
 C - a scroll of poison {unknown}
 E - 2 scrolls of fog
 F - 3 scrolls of amnesia
 G - a scroll of silence
 H - a scroll of enchant weapon
 K - 5 scrolls of identify
Potions
 h - a potion of flight
 i - 2 potions of mutation
 o - a potion of invisibility
 p - 4 potions of brilliance
 s - a potion of magic
 z - 2 potions of attraction
 B - a potion of might
 P - 2 potions of ambrosia {unknown}
 Q - a potion of lignification {unknown}


   Skills:
 + Level 9.3 Fighting
 + Level 9.9(10.1) Short Blades
 + Level 2.8(7.5) Long Blades
 + Level 0.6(3.9) Axes
 + Level 6.3 Maces & Flails
 + Level 2.5 Throwing
 + Level 9.3 Armour
 + Level 9.0 Dodging
 + Level 2.8 Stealth
 + Level 9.7 Shields
 + Level 0.8 Evocations


You had 10 spell levels left.
You didn't know any spells.
Your spell library contained the following spells:

 Spells                   Type           Power      Damage    Failure   Level
 Sting                    Tmut/Pois      0%         1d3       63%         1
 Poisonous Vapours        Pois/Air       0%         N/A       77%         2
 Static Discharge         Conj/Air       0%         2-2/arc   77%         2
 Portal Projectile        Hex/Tloc       0%         N/A       94%         3
 Tukima's Dance           Hex            0%         N/A       94%         3
 Vhi's Electric Charge    Tloc/Air       0%         N/A       94%         3
 Airstrike                Air            0%         2d(0-16)  100%        4
 Olgreb's Toxic Radiance  Pois           0%         N/A       100%        4
 Summon Lightning Spire   Summ/Air       0%         N/A       100%        4
 Arcjolt                  Conj/Air       0%         1d10      100%        5
 Blade Hands              Tmut           0%         N/A       100%        5
 Fireball                 Conj/Fire      0%         3d3       100%        5
 Iskenderun's Battlesphe  Conj           0%         2d6       100%        5
 Conjure Ball Lightning   Conj/Air       0%         3x3d6     100%        6
 Plasma Beam              Fire/Air       0%         2x1d11    100%        6
 Orb of Destruction       Conj           0%         9d5       100%        7


Dungeon Overview and Level Annotations

Branches:
Dungeon (10/15)            Temple (1/1) D:7            Lair (2/5) D:10
Ossuary (visited)
  Swamp: Lair:2-3    Shoals: Lair:2-3     Snake: Lair:2-3    Spider: Lair:2-3
    Orc: D:9-12

Altars:
Ashenzari
Cheibriados
Dithmenos
Elyvilon
Fedhas
Gozag
Hepliaklqana
Kikubaaqudgha
Makhleb
Nemelex Xobeh
Okawaru
Qazlal
Ru
Sif Muna
Trog
Uskayaw
Vehumet
Wu Jian
Xom
Yredelemnul
Zin
The Shining One

Shops:
D:1 =   D:3 [   D:5 *

Annotations:
D:9 exclusion: obsidian statue
Lair:1 exclusion: oklob plant
Lair:2 0gre's ghost, journeyman GnIE


Innate Abilities, Weirdness & Mutations

You have a pair of horns on your head.
You reflexively headbutt those who attack you in melee.
You are clumsy. (Dex -2)
Your body sometimes deteriorates upon taking damage.


Message History

0gre's ghost freezes you.
You are frozen!
The ice beast closely misses you.
You barely miss 0gre's ghost.
Your headbutt misses 0gre's ghost. 0gre's ghost is heavily damaged.
You slash the ice beast! You closely miss the ice beast.
The ice beast barely misses you. You furiously retaliate!
You headbutt the ice beast. 0gre's ghost hits you but does no damage.
The ice beast closely misses you. You furiously retaliate!
You headbutt the ice beast. The ice beast misses you. You furiously retaliate!
You headbutt the ice beast!
You kill the ice beast!
The ice beast disappears in a puff of smoke!
You slash 0gre's ghost!
Your headbutt misses 0gre's ghost. 0gre's ghost is heavily damaged.
You hit the ice beast. You barely miss the ice beast.
The ice beast hits you but does no damage. 0gre's ghost hits you!
* * * LOW HITPOINT WARNING * * *
The ice beast misses you. You furiously retaliate!
You headbutt the ice beast.
You kill the ice beast!
The ice beast disappears in a puff of smoke!
You hit 0gre's ghost but do no damage.
You headbutt 0gre's ghost! 0gre's ghost is severely damaged.
You barely miss the ice beast. The ice beast hits you.
* * * LOW HITPOINT WARNING * * *
The ice beast freezes you!
* * * LOW HITPOINT WARNING * * *
Your body deteriorates!
You feel weakened. 0gre's ghost closely misses you.
The ice beast hits you but does no damage. 0gre's ghost hits you!
* * * LOW HITPOINT WARNING * * *
You slash 0gre's ghost! 0gre's ghost is severely damaged.
You hit the ice beast.
You block the ice beast's attack. 0gre's ghost freezes you.
You are frozen!!
You die...
Your body crumbles into a pile of gold.

.... .. .... #..#
##.. .#.# ##..# ...#
#...### #...#
#.....#####....#
##.....#...P...##
##...ยงยง@...S....P#
#..###WY$###...###
#..#.......#....#
##.#.##..#.#..<.#
##..#....)#.#....#
#.#.###.##.[#.....#
##..# #...#.#.....#
##.##.!!?.##..S..#
##.#H.#.# .#....


You could see a water moccasin, an ice beast (summoned) and 0gre's ghost.

Vanquished Creatures
  A hydra (Lair:2)
  A two-headed ogre (D:9)
  Pikel (D:4)
  A black mamba (Lair:1)
  Maurice (D:9)
  2 cane toads
  A rime drake (Lair:1)
  A komodo dragon (Lair:1)
  A meliai (D:9)
  2 trolls (D:10)
  A meliai zombie (D:10)
  3 wyverns
  2 wraiths (D:10)
  Eustachio (D:4)
  16 yaks
  2 steam dragons
  A water moccasin (Lair:2)
  An ice beast (D:8)
  3 orc warriors
  3 ogres
  4 wolves
  A centaur (D:9)
  4 kobold brigands
  A lemure (D:4)
  A gnoll sergeant (D:9)
  5 bullfrogs
  14 scorpions
  8 wights
  8 killer bees
  2 howler monkeys
  2 electric eels (D:10)
  2 centaur zombies
  8 hounds
  A gnoll bouda (D:7)
  3 human zombies (Ossuary)
  Crazy Yiuf (D:4)
  2 jellies (D:6)
  5 orc priests
  3 sleepcaps
  5 scorpion zombies (Ossuary)
  5 iguanas
  10 orc wizards
  3 mummies (Ossuary)
  6 gnolls
  9 adders
  A river rat (D:5)
  A white imp (D:5)
  An ufetubus (D:4)
  A worm (D:4)
  4 dart slugs
  35 orcs
  4 endoplasms
  6 giant cockroaches
  8 goblins
  7 hobgoblins
  12 jackals
  28 kobolds
  4 quokkas
  9 ball pythons
  8 bats
  4 frilled lizards
  A gnoll zombie (Ossuary)
  3 goblin zombies (Ossuary)
  4 hobgoblin zombies (Ossuary)
  3 kobold zombies (Ossuary)
  2 orc zombies (Ossuary)
  11 rats
  A butterfly (Lair:1)
316 creatures vanquished.

Vanquished Creatures (others)
  2 orc wizards (D:9)
2 creatures vanquished.

Grand Total: 318 creatures vanquished

Notes
Turn   | Place    | Note
-------+----------+-------------------------------------------
     0 | D:1      | Fodor the Minotaur Fighter began the quest for the Orb.
     0 | D:1      | Reached XP level 1. HP: 19/19 MP: 0/0
    93 | D:1      | Reached XP level 2. HP: 18/27 MP: 1/1
   355 | D:1      | Found Zeorix's Jewellery Boutique.
   558 | D:1      | Reached XP level 3. HP: 33/33 MP: 2/2
  1276 | D:2      | Identified the +5 pair of boots "Oliustre" {Int+3 SInv}
  1366 | D:2      | Reached skill level 1 in Short Blades
  1488 | D:2      | Reached XP level 4. HP: 40/40 MP: 3/3
  1532 | D:2      | Found a sparkling altar of Nemelex Xobeh.
  1986 | D:3      | Reached skill level 5 in Armour
  2073 | D:3      | Reached XP level 5. HP: 46/46 MP: 4/4
  2145 | D:3      | Reached skill level 1 in Dodging
  2393 | D:3      | Noticed an animated shadow dragon scales
  2394 | D:3      | Found Paarun's Armour Shop.
  2395 | D:3      | Noticed an animated storm dragon scales
  2613 | D:4      | Reached XP level 6. HP: 53/53 MP: 5/5
  3311 | D:4      | Noticed Pikel
  3340 | D:4      | Killed Pikel
  3341 | D:4      | Reached skill level 5 in Short Blades
  3341 | D:4      | Reached skill level 5 in Shields
  3341 | D:4      | Reached XP level 7. HP: 40/60 MP: 6/6
  3375 | D:4      | Found a runed translucent door.
  3376 | D:4      | Noticed Crazy Yiuf
  3384 | D:4      | Killed Crazy Yiuf
  3483 | D:4      | Noticed Eustachio
  3502 | D:4      | Killed Eustachio
  3503 | D:4      | Reached XP level 8. HP: 67/67 MP: 7/7
  3504 | D:4      | Gained mutation: You are clumsy. (Dex -2) [potion of
                  | mutation]
  3504 | D:4      | Gained mutation: Your body sometimes deteriorates upon
                  | taking damage. [potion of mutation]
  3673 | D:4      | Reached skill level 5 in Fighting
  3791 | D:5      | Entered Level 5 of the Dungeon
  3825 | D:5      | Reached skill level 1 in Maces & Flails
  3877 | D:5      | Identified the +6 short sword "Kurr" {pain, rPois Dex+5}
  3964 | D:5      | Found a shimmering blue altar of Sif Muna.
  4036 | D:5      | Found a glowing drain.
  4048 | D:5      | Found a sand-covered staircase.
  4054 | Ossuary  | Entered an ossuary
  4307 | Ossuary  | Reached skill level 5 in Dodging
  4311 | Ossuary  | Reached XP level 9. HP: 58/75 MP: 8/8
  4319 | Ossuary  | Reached skill level 5 in Maces & Flails
  4534 | Ossuary  | Reached skill level 1 in Stealth
  4662 | D:5      | Found Seibeac's Assorted Antiques.
  4670 | D:5      | Bought a glowing long sword for 169 gold pieces
  4690 | D:5      | Found a shadowy altar of Dithmenos.
  4692 | D:5      | Found a white marble altar of Elyvilon.
  4720 | D:5      | Found an iron altar of Okawaru.
  4720 | D:5      | Found a snail-covered altar of Cheibriados.
  4720 | D:5      | Found a blossoming altar of Fedhas.
  4721 | D:5      | Found an ancient bone altar of Kikubaaqudgha.
  4725 | D:5      | Found an ornate altar of the Wu Jian Council.
  5009 | D:6      | Found a hazy altar of Hepliaklqana.
  5462 | D:6      | Found a burning altar of Makhleb.
  6147 | D:7      | Found a staircase to the Ecumenical Temple.
  6171 | Temple   | Entered the Ecumenical Temple
  6182 | Temple   | Became a worshipper of Gozag Ym Sagoz the Greedy
  7035 | D:8      | Reached skill level 1 in Throwing
  7692 | D:8      | Reached XP level 10. HP: 57/86 MP: 9/9
  7990 | D:8      | Found a shimmering altar of Xom.
  8230 | D:8      | Found a sacrificial altar of Ru.
  8868 | D:9      | Noticed a tengu warrior
  8873 | D:9      | Noticed a centaur warrior
  8875 | D:9      | Noticed a boulder beetle
  8876 | D:9      | Noticed a manticore
  8877 | D:9      | Noticed a seven-headed hydra
  8913 | D:9      | Found a transporter.
  8913 | D:9      | Noticed an obsidian statue
  8984 | D:9      | a jumping spider changed into a swamp dragon
  8984 | D:9      | Noticed a swamp dragon (shapeshifter)
  8991 | D:9      | a swamp dragon changed into an eye of devastation
  8991 | D:9      | Noticed an eye of devastation (shapeshifter)
  9068 | D:9      | Noticed a storm dragon
  9178 | D:9      | Noticed a two-headed ogre
  9188 | D:9      | Noticed Maurice
  9199 | D:9      | Killed a two-headed ogre
  9253 | D:9      | Killed Maurice
  9424 | D:9      | Noticed a skyshark
  9425 | D:9      | a skyshark changed into a floating eye
  9504 | D:9      | Noticed a guardian serpent
  9566 | D:9      | Reached XP level 11. HP: 86/93 MP: 10/10
  9631 | D:9      | Found a transporter.
  9744 | D:9      | Noticed a mana viper
  9765 | D:9      | a mana viper changed into a culicivora
  9788 | D:9      | a culicivora changed into a death drake
  9788 | D:9      | Noticed a death drake (shapeshifter)
  9798 | D:9      | a death drake changed into a swamp dragon
  9798 | D:9      | Noticed a swamp dragon (shapeshifter)
  9802 | D:9      | Noticed a sun demon
  9845 | D:9      | a swamp dragon changed into a tyrant leech
  9908 | D:10     | Entered Level 10 of the Dungeon
 10191 | D:10     | Found a staircase to the Lair.
 10312 | Lair:1   | Entered Level 1 of the Lair of Beasts
 10346 | Lair:1   | Noticed an oklob plant
 10873 | Lair:1   | You fall into a shaft and drop 1 floor!
 10879 | Lair:2   | Noticed a four-headed hydra
 10897 | Lair:2   | Killed a four-headed hydra
 10937 | Lair:2   | Noticed 0gre's ghost (journeyman GnIE)
 10937 | Lair:2   | Noticed a minotaur
 10961 | Lair:2   | Found a runed translucent gate.
 10961 | Lair:2   | Found a runed translucent gate.
 10961 | Lair:2   | Found a runed translucent gate.
 11009 | Lair:2   | Frozen to death by 0gre's ghost

Illustrated notes

Levels and vault maps discovered:
D:1:      ncdulo_wetmaze, layout_rooms, serial_corexii_hall,
          corexii_hall_statues_deadend, chequers_hall_statues_y, serial_shops,
          nicolae_shop_window_shopping
D:2:      layout_basic, basic_altar, grunt_ministairs_3
D:3:      layout_loops_ring, serial_shops, nicolae_shop_mannequins
D:4:      layout_loops_cross, serial_bayou_pond_c, patterned_corridor,
          uniq_crazy_yiuf_cottage, uniq_pikel, uniq_eustachio
D:5:      layout_cave_pools, minitemple, nicolae_sif_muna_condensation,
          portal_sewer_entry_b, enter_ossuary_2, serial_shops, shop
D:6:      cheibrodos_thug_alley, layout_basic, nicolae_overflow_crystal_walls,
          mainiacjoe_overflow_concentric_impassable
D:7:      layout_basic, minmay_temple_entry_grid
D:8:      layout_layer_cave, mainiacjoe_overflow_paths,
          overflow_temple_1_default
D:9:      gammafunk_sealed_arena, layout_cross, uniq_maurice
D:10:     layout_layer_cave, erik_lair_island, enter_bailey_3, serial_undead,
          serial_undead_a, serial_undead_a, serial_undead_d, serial_undead_d,
          serial_undead_e, serial_undead_c
Temple:   hellmonk_temple_rainy
Lair:1:   layout_roguey, minmay_lair_oklob_bushes, lemuel_fruit_fields,
          grunt_megastairs_3
Lair:2:   layout_concentric_octagons, minmay_swamp_entry_worms,
          maelrawn_ghost_gauntlet_escape

Skill      XL: |  1  2  3  4  5  6  7  8  9 10 11 |
---------------+----------------------------------+-----
Fighting       | 4 5 7 8 9 |  9.3
Armour         | 4 5 6 8 9 |  9.3
Shields        | 4 5 6 7 8 9 |  9.7
Short Blades   | 1 2 3 5 7 9 |  9.9
Dodging        | 1 3 5 6 7 9 |  9.0
Maces & Flails | 4 6 |  6.3
Stealth        | 1 2 |  2.8
Throwing       | 1 2 |  2.5
Long Blades    | |  2.8
Axes           | |  0.6
Evocations     | |  0.8

Action                     |  1- 3 |  4- 6 |  7- 9 | 10-12 || total
---------------------------+-------+-------+-------+-------++-------
  Melee: Long sword        |    20 |       |       |       ||    20
         Headbutt          |    17 |    29 |    66 |   133 ||   245
         Short sword       |    76 |   141 |   203 |   473 ||   893
         Mace              |       |       |   162 |       ||   162
         War axe           |       |       |       |    26 ||    26
  Throw: Stone             |       |     5 |    17 |     3 ||    25
         Dart              |       |       |       |    13 ||    13
  Evoke: Wand              |       |       |       |     1 ||     1
    Use: Scroll            |       |       |    20 |     6 ||    26
         Potion            |       |       |     8 |     5 ||    13
   Stab: Distracted        |       |       |       |     2 ||     2
         Sleeping          |       |       |       |     1 ||     1
 Armour: Scale mail        |    62 |    52 |   169 |       ||   283
         Skin              |       |       |    17 |       ||    17
         Ring mail         |       |       |    64 |   286 ||   350
  Dodge: Dodged            |    58 |    65 |   230 |   341 ||   694
  Block: Buckler           |    29 |    28 |   115 |   147 ||   319
